Map: Oxide LE

Players

Armani - Winner!

  • Race: Zerg Zerg

Neeb

  • Race: Protoss Protoss

Event: TSL 7

VOD

Have the link to the VOD?

Description

Time

  • Played on: June 19, 2021, 11:45 a.m.
  • Length: 12:28

All games in this series

Show
View Real Time Build Order
Export as new Build Order

Armani Zerg - Winner!

Build Orders: Hatch First 

Get SALT Encoding   

  12  0:01  Drone  
  13  0:12  Overlord  
  13  0:17  Drone  
  14  0:31  Drone x2  
  16  0:51  Hatchery  
  16  0:52  Drone  
  16  0:55  Drone  
  17  0:59  Drone  
  17  1:03  Extractor  
  17  1:19  Spawning Pool  
  17  1:20  Drone  
  17  1:23  Drone  
  18  1:29  Drone  
  19  1:40  Drone  
  20  1:49  Drone  
  21  2:05  Queen  
  21  2:06  Queen, Zergling x2  
  21  2:07  Overlord  
  26  2:10  Metabolic Boost  
  26  2:13  Drone  
  27  2:16  Drone  
  28  2:27  Drone x2  
  30  2:38  Hatchery  
  30  2:39  Zergling x2  
  30  2:46  Queen  
  30  2:49  Drone  
  33  2:56  Zergling x4  
  33  2:58  Zergling x2  
  36  3:01  Overlord  
  36  3:11  Overlord  
  35  3:20  Drone x6, Spore Crawler  
  40  3:28  Queen  
  40  3:32  Drone x2  
  40  3:34  Drone  
  45  3:36  Drone  
  45  3:40  Spore Crawler  
  45  3:43  Drone  
  45  3:45  Overlord  
  45  3:47  Drone  
  47  3:51  Drone  
  47  3:55  Queen  
  49  3:57  Drone  
  49  4:00  Drone  
  51  4:03  Drone x3  
  51  4:08  Drone x2  
  56  4:12  Drone x2  
  56  4:16  Overlord  
  58  4:17  Overlord  
  58  4:36  Roach Warren  
  58  4:37  Zergling x8  
  62  4:38  Drone x7  
  62  4:42  Drone  
  69  4:47  Lair  
  69  4:50  Drone  
  69  4:51  Drone  
  68  4:55  Drone  
  68  4:56  Drone x2  
  71  5:02  Extractor  
  71  5:03  Extractor  
  69  5:10  Evolution Chamber, Overlord x2  
  69  5:11  Overlord  
  67  5:15  Drone x6  
  73  5:21  Overlord  
  73  5:24  Overlord  
  73  5:25  Overlord  
  73  5:26  Overlord  
  73  5:28  Overlord  
  73  5:31  Drone  
  73  5:32  Drone  
  73  5:33  Drone  
  76  5:35  Drone  
  76  5:37  Extractor  
  76  5:38  Extractor  
  76  5:40  Drone  
  76  5:42  Zerg Missile Weapons Level 1  
  76  5:44  Extractor, Glial Reconstitution  
  76  5:46  Drone x2, Overseer  
  77  5:50  Drone  
  77  5:55  Overlord  
  78  6:01  Drone x3  
  78  6:03  Roach x4  
  88  6:07  Hatchery, Roach  
  90  6:11  Drone  
  90  6:13  Roach  
  92  6:18  Overseer  
  92  6:20  Drone x4  
  92  6:22  Drone, Spore Crawler  
  92  6:24  Infestation Pit  
  95  6:28  Roach x5  
  105  6:34  Spire  
  105  6:38  Zergling x4  
  106  6:40  Overlord  
  106  6:48  Zergling x12  
  106  6:52  Overlord  
  112  6:55  Drone x2  
  112  6:59  Zergling x2  
  115  7:05  Zergling x2  
  115  7:06  Extractor, Zergling x4  
  116  7:09  Extractor  
  116  7:22  Drone  
  115  7:46  Drone x3  
  115  7:47  Drone x4, Mutalisk  
  115  7:48  Mutalisk x11  
  115  7:50  Zergling x6  
  149  7:57  Mutalisk  
  151  7:59  Zergling x2  
  151  8:03  Overlord x2  
  151  8:04  Overlord, Zerg Flyer Weapons Level 1  
  140  8:20  Hatchery  
  140  8:23  Mutalisk x5  
  140  8:25  Zergling x12  
  140  8:26  Zergling x12  
  142  8:36  Hatchery  
  141  8:42  Mutalisk x4  
  141  8:47  Zergling x8  
  142  8:58  Mutalisk x3  
  142  9:00  Zergling x18  
  127  9:18  Mutalisk x4  
  127  9:22  Zergling x6  
  110  9:34  Hatchery  
  88  9:39  Mutalisk  
  88  9:40  Mutalisk  
  83  10:00  Mutalisk  
  68  10:16  Mutalisk  
  68  10:20  Zergling x2  
  68  10:21  Zergling x4  
  63  10:32  Zergling x6  
  63  10:33  Mutalisk  
  63  10:47  Mutalisk  
  62  10:56  Zergling x4  
  59  10:57  Zergling x2  
  58  11:14  Zergling x2  
  58  11:15  Zergling x10  
  62  11:34  Zergling x2  
  62  11:35  Zergling x8  
  60  11:42  Drone x2  
  39  12:09  Zergling x10  
  39  12:10  Zergling x2  
Show
View Real Time Build Order
Export as new Build Order

Neeb Protoss 

Build Orders: 1 Gate Expand, Oracle Opening 

Get SALT Encoding   

  12  0:00  Probe  
  13  0:12  Probe  
  14  0:19  Pylon  
  14  0:24  Probe  
  15  0:37  Probe (Chrono Boost)  
  15  0:40  Gateway  
  16  0:46  Probe (Chrono Boost)  
  16  0:49  Assimilator  
  17  0:51  Probe (Chrono Boost)  
  18  1:03  Probe  
  19  1:15  Probe  
  20  1:25  Nexus  
  20  1:36  Cybernetics Core  
  20  1:38  Probe  
  21  1:44  Assimilator  
  21  1:50  Probe  
  21  1:52  Pylon  
  22  2:02  Probe (Chrono Boost)  
  23  2:10  Adept (Chrono Boost)  
  23  2:12  Probe (Chrono Boost), Warp Gate  
  26  2:17  Probe (Chrono Boost)  
  27  2:29  Probe  
  28  2:30  Stargate  
  28  2:32  Adept (Chrono Boost)  
  30  2:38  Probe  
  30  2:41  Probe  
  32  2:50  Probe  
  33  2:53  Probe  
  33  2:54  Adept  
  36  3:02  Probe  
  36  3:05  Probe  
  38  3:11  Oracle (Chrono Boost)  
  38  3:13  Gateway  
  38  3:14  Probe  
  38  3:16  Pylon  
  38  3:19  Probe  
  43  3:26  Probe  
  44  3:31  Probe  
  44  3:33  Void Ray (Chrono Boost)  
  45  3:38  Probe  
  46  3:41  Pylon  
  46  3:43  Probe  
  51  3:50  Probe  
  51  3:55  Probe  
  53  4:02  Probe  
  53  4:04  Nexus  
  53  4:05  Pylon  
  53  4:07  Probe  
  55  4:10  Adept x2  
  55  4:15  Probe, Assimilator  
  60  4:19  Probe, Assimilator  
  61  4:28  Probe, Robotics Facility  
  61  4:29  Forge  
  60  4:32  Probe  
  60  4:36  Sentry  
  63  4:39  Shield Battery  
  63  4:40  Probe  
  63  4:42  Sentry  
  63  4:44  Probe  
  67  4:52  Probe  
  66  4:55  Gateway  
  66  4:56  Probe  
  66  4:57  Gateway  
  65  5:02  Pylon  
  65  5:04  Probe  
  66  5:08  Probe  
  66  5:11  Protoss Ground Weapons Level 1 (Chrono Boost)  
  66  5:14  Immortal (Chrono Boost)  
  67  5:16  Probe (Chrono Boost)  
  67  5:19  Probe (Chrono Boost)  
  67  5:21  Probe (Chrono Boost)  
  72  5:23  Sentry x2  
  77  5:29  Probe (Chrono Boost)  
  77  5:31  Probe (Chrono Boost)  
  77  5:33  Probe (Chrono Boost)  
  77  5:35  Probe (Chrono Boost)  
  80  5:36  Probe (Chrono Boost)  
  80  5:37  Probe (Chrono Boost), Twilight Council  
  82  5:43  Probe, Assimilator  
  82  5:45  Probe  
  82  5:47  Robotics Bay  
  82  5:48  Probe, Assimilator  
  85  5:52  Observer (Chrono Boost)  
  85  5:54  Pylon  
  85  5:55  Probe  
  87  5:57  Probe  
  87  6:00  Probe  
  88  6:07  Probe  
  88  6:09  Probe, Pylon  
  90  6:13  Probe  
  90  6:14  Blink (Chrono Boost)  
  90  6:16  Gateway  
  91  6:19  Gateway  
  91  6:20  Gateway  
  91  6:22  Gateway  
  91  6:25  Stalker x3  
  91  6:29  Photon Cannon  
  97  6:33  Pylon  
  97  6:40  Gateway  
  97  6:42  Pylon  
  97  6:43  Disruptor (Chrono Boost)  
  97  6:44  Nexus  
  100  6:49  Probe  
  100  6:50  Pylon  
  100  6:53  Probe x2  
  103  7:01  Stalker x3  
  109  7:05  Protoss Ground Weapons Level 2 (Chrono Boost)  
  109  7:10  Stalker  
  109  7:11  Disruptor (Chrono Boost)  
  109  7:15  Photon Cannon  
  114  7:16  Shield Battery, Stalker x2  
  118  7:27  Stalker x3  
  118  7:28  Stalker  
  126  7:33  Pylon x2  
  126  7:35  Pylon  
  126  7:36  Pylon  
  126  7:38  Pylon  
  126  7:42  Nexus  
  126  7:45  Pylon  
  126  7:49  Disruptor (Chrono Boost)  
  129  8:06  Stalker x7  
  129  8:07  Templar Archives  
  129  8:08  Probe  
  129  8:09  Probe x2  
  134  8:28  Charge  
  134  8:31  Photon Cannon  
  134  8:32  Probe, Shield Battery  
  133  8:42  Stalker x6  
  133  8:47  Stalker x2  
  143  8:50  Shield Battery  
  143  8:53  Photon Cannon  
  133  9:09  Zealot x6  
  118  9:28  High Templar x2  
  118  9:30  Photon Cannon  
  118  9:31  Photon Cannon  
  118  9:32  Archon  
  118  9:34  Photon Cannon  
  92  9:41  High Templar  
  92  9:42  High Templar, Zealot x2  
  96  9:46  Archon  
  74  10:08  Zealot x4  
  74  10:17  Phoenix (Chrono Boost)  
  74  10:18  Probe  
  67  11:01  Zealot x2  
Tags
 
Add a new tag
Caveats
  • Supply blocks, unpowered buildings, or Contaminate may cause inaccurate times.
  • Supply counts are checked every 10 seconds.